 Dungeon Crawl Stone Soup version 0.31-a0-960-g0fca184906 (webtiles) character file.

Game seed: 3697970609895293815

410 LadyBoffin the Covert (level 6, -11/28 HPs)
             Began as a Felid Delver on Oct 24, 2023.
             Was an Initiate of Gozag.
             Killed by an exploding adder (20 damage)
             ... ignited by their inner flame
             ... on level 6 of the Dungeon.
             The game lasted 00:46:55 (4426 turns).

LadyBoffin the Covert (Felid Delver)                Turns: 4426, Time: 00:46:56

Health: -11/28     AC:  6    Str:  8    XL:     6   Next: 58%
Magic:  8/8        EV: 18    Int: 14    God:    Gozag
Gold:   795        SH:  0    Dex: 17    Spells: 4/7 levels left
                                        Lives:  0   Deaths: 2

rFire   . .          .
                       - Unarmed
rCold   . . .        (shield unavailable)
rNeg    . . .        (body armour unavailable)
rPois   .            (helmet unavailable)
rElec   .            (cloak unavailable)
rCorr   .            (gloves unavailable)
SInv    +            (boots unavailable)
Will    .....        k - amulet of magic regeneration
Stlth   ++++         f - ring of wizardry
HPRegen 0.24/turn    x - +4 ring of protection
MPRegen 0.51/turn

%: wizardry (x1)
@: weak-willed, gold aura, quick
A: very small, claws 1, fangs 3, see invisible, speed 1, shaggy fur 2, stealthy
paws, no weapons or thrown items, no armour, multi-lived
a: Renounce Religion, Potion Petition, Call Merchant, Bribe Branch


You were on level 6 of the Dungeon.
You worshipped Gozag.
Gozag was pleased with you.
You visited 2 branches of the dungeon, and saw 7 of its levels.

You collected 855 gold pieces.
You paid 60 gold pieces to Gozag.

Inventory:

Hand Weapons
 B - a +0 dagger
Jewellery
 f - a ring of wizardry (left paw)
 k - an amulet of magic regeneration (around neck)
 x - a +4 ring of protection (right paw)
Wands
 e - a wand of digging (3)
 i - a wand of charming (10)
 j - a wand of polymorph (10)
 l - a wand of light (2)
Scrolls
 a - 2 scrolls of fog
 b - 2 scrolls of revelation
 c - a scroll of fear
 m - a scroll of identify (quivered)
 o - a scroll of vulnerability
 y - a scroll of enchant weapon {unknown}
 A - a scroll of teleportation {unknown}
Potions
 d - 2 potions of haste
 g - 3 potions of curing
 h - 2 potions of magic
 q - 2 potions of degeneration {unknown}
 r - 2 potions of lignification {unknown}
 s - a potion of berserk rage {unknown}
 t - a potion of enlightenment {unknown}
 u - a potion of attraction {unknown}
 v - a potion of brilliance {unknown}
 w - a potion of cancellation {unknown}
 z - 2 potions of heal wounds {unknown}


   Skills:
 * Level 3.8 Fighting
 + Level 4.0 Dodging
 - Level 9.0 Stealth
 + Level 3.8 Unarmed Combat
 * Level 1.2 Spellcasting
 * Level 1.1 Conjurations
 * Level 0.4 Summonings


You had 4 spell levels left.
You knew the following spells:

 Your Spells              Type           Power      Damage    Failure   Level
a - Call Imp              Summ           4%         N/A       13%         2
b - Magic Dart            Conj           12%        1d3       7%          1

Your spell library contained the following spells:

 Spells                   Type           Power      Damage    Failure   Level
 Momentum Strike          Conj/Tloc      4%         3d8       12%         2
 Blink                    Tloc           0%         N/A       16%         2
 Ensorcelled Hibernation  Hex/Ice        0%         N/A       16%         2
 Lesser Beckoning         Tloc           0%         N/A       16%         2
 Passwall                 Tmut/Erth      0%         N/A       16%         2
 Dazzling Flash           Conj/Hex       4%         N/A       24%         3
 Mephitic Cloud           Conj/Pois/Air  1%         N/A       26%         3
 Ozocubu's Armour         Ice            0%         N/A       30%         3
 Swiftness                Air            0%         N/A       30%         3
 Volatile Blastmotes      Fire/Tloc      0%         2d10      30%         3
 Metabolic Englaciation   Hex/Ice        0%         N/A       94%         5
 Starburst                Conj/Fire      1%         6d3       100%        6
 Maxwell's Capacitive Co  Air            0%         โˆž       100%        8
 Simulacrum               Ice/Necr       Unusable   N/A       N/A         6

Dungeon Overview and Level Annotations

Branches:
Dungeon (6/15)             Temple (1/1) D:6

Altars:
Ashenzari
Cheibriados
Dithmenos
Elyvilon
Fedhas
Gozag
Hepliaklqana
Kikubaaqudgha
Makhleb
Okawaru
Qazlal
Ru
Trog
Uskayaw
Wu Jian
Xom
Yredelemnul
The Shining One

Shops:
D:1 *

Annotations:
D:4 Blork the orc


Innate Abilities, Weirdness & Mutations

You have sharp claws.
You have razor-sharp teeth.
You have supernaturally acute eyesight. (SInv)
You cover ground quickly. (Speed+)
You are covered in thick fur. (AC +2)
Your paws help you pounce on unaware monsters.
You are incapable of wielding weapons or throwing items.
You cannot wear armour.
You gain extra lives every three experience levels.


Message History

You open the door.
A shadow imp comes into view.
The shadow imp shouts!
There is an open door here.
Found 14 gold pieces.
The shadow imp gestures at you. Pain shoots through your body!
The shadow imp gestures at you. Pain shoots through your body!
Found a stone staircase leading down.
A jelly comes into view.
There is a stone staircase leading down here.
Found 7 gold pieces.
An orc wizard comes into view. It is wielding a +0 dagger.
An adder comes into view.
The orc wizard shouts!
The adder hisses angrily.
The shadow imp shouts!
You hear a shout!
You miss the adder. Your bite misses the adder. The adder closely misses you.
You barely miss the adder. Your bite misses the adder.
The adder completely misses you. x2
As you read the scroll labelled ISAESAO DERO, it crumbles to dust.
Magic quickly surges around you.
It was a scroll of vulnerability.
The adder barely misses you.
As you read the scroll labelled LOPOEDW ZADU, it crumbles to dust.
The creatures around you are filled with an inner flame!
It was a scroll of immolation.
The adder closely misses you. The shadow imp gestures at you.
Pain shoots through your body!
As you read the scroll labelled FAUTYW ULUIM, it crumbles to dust.
Your body is wracked with pain!
The orc warrior convulses!
Flame seeps out of the orc warrior.
The adder convulses!
Flame seeps out of the adder.
The orc wizard convulses!
Flame seeps out of the orc wizard.
It was a scroll of torment.
The adder is engulfed in blazing flames.
The adder explodes!
The fiery explosion engulfs the orc wizard!!
The fiery explosion engulfs you!!
Ouch! That really hurt!
You die...
Your body crumbles into a pile of gold.

#.......# .
#.....#5# #.#
#.....#.###...#
#J....#.....#
#.....+>....#
###.. #.#####
#.# #.#
#####.###.#
#ยง@5o.....#
#โ—‹#########
#โ—‹########
#....o...#
###......+
#$.....#
#S.....#
#......#
#......#


You could see an orc warrior (inner flame, weak-willed) and a shadow imp (inner
flame, weak-willed).

Vanquished Creatures
  A scorpion (D:5)
  A howler monkey (D:5)
  3 hounds
  An iguana (D:4)
  An orc wizard (D:6)
  A gnoll (D:1)
  8 adders
  6 worms
  A dart slug (D:1)
  17 orcs
  7 ball pythons
  8 endoplasms
  6 giant cockroaches
  4 goblins
  6 hobgoblins
  A jackal (D:3)
  5 kobolds
  5 quokkas
  7 bats
  5 rats
94 creatures vanquished.

Notes
Turn   | Place    | Note
-------+----------+-------------------------------------------
     0 | D:5      | LadyBoffin the Felid Delver began the quest for the Orb.
     0 | D:5      | Reached XP level 1. HP: 10/10 MP: 2/2
     3 | D:5      | Noticed a scorpion
    17 | D:5      | Found a glowing drain.
    53 | D:5      | Noticed a black bear
    89 | D:5      | Noticed an ogre
   186 | D:5      | Noticed a howler monkey
   261 | D:5      | Reached skill level 7 in Stealth
   268 | D:5      | Noticed an iguana
   294 | D:5      | Killed a scorpion
   295 | D:5      | Reached skill level 8 in Stealth
   295 | D:5      | Reached XP level 2. HP: 14/14 MP: 3/3
   295 | D:5      | Reached XP level 3. HP: 17/17 MP: 4/4
   371 | D:6      | Noticed an orc warrior
   439 | D:5      | Reached XP level 4. HP: 20/21 MP: 5/5
   696 | D:6      | Found a staircase to the Ecumenical Temple.
   703 | Temple   | Entered the Ecumenical Temple
   827 | Temple   | Became a worshipper of Gozag Ym Sagoz the Greedy
   855 | D:6      | Noticed a sky beast
   862 | D:6      | Noticed a gnoll sergeant
  1081 | D:5      | Reached XP level 5. HP: 13/24 MP: 6/6
  1394 | D:4      | Noticed Blork the orc
  1442 | D:4      | Slain by Blork the orc
  1676 | D:4      | HP: 1/24 [worm (7)]
  1909 | D:4      | Killed from afar by Blork the orc
  2204 | D:3      | Reached skill level 9 in Stealth
  2204 | D:3      | Gained mutation: You are covered in thick fur. (AC +2)
                  | [Felid growth]
  2204 | D:3      | Reached XP level 6. HP: 28/28 MP: 6/8
  2813 | D:2      | Found a faded altar of an unknown god.
  3051 | D:1      | Reached skill level 1 in Spellcasting
  3121 | D:1      | Found Oblecum's Assorted Antiques.
  3286 | D:1      | Reached skill level 1 in Conjurations
  3368 | D:1      | Learned a level 2 spell: Call Imp
  3370 | D:1      | Learned a level 1 spell: Magic Dart
  4414 | D:6      | Noticed a shadow
  4426 | D:6      | Killed by an exploding adder... ignited by their inner
                  | flame

Illustrated notes

Levels and vault maps discovered:
D:1:      dpeg_arrival_arbitrary_a, layout_rooms, serial_shops, shop
D:2:      layout_rooms, shapermc_ecumenical_altar_ellora
D:3:      cheibrodos_pilgrimage, layout_basic, serial_forest,
          infiniplex_forest_lined_2, infiniplex_forest_lined_corner,
          infiniplex_forest_straight_3, infiniplex_forest_corner_1,
          infiniplex_forest_end_3, minmay_diced_spiral
D:4:      layout_basic, moated_statue, uniq_blork_the_orc
D:5:      cheibrodos_quashed, layout_cave_pods, cheibrodos_sewer_entry_sluice,
          dreamdust_wishing_well
D:6:      minmay_clustersquares, layout_basic, minmay_temple_entry_mini_moons
Temple:   hc_temple_tempest_star

Skill      XL: |  1  2  3  4  5  6 |
---------------+-------------------+-----
Stealth        | 8 9 |  9.0
Dodging        | 3 4 |  4.0
Unarmed Combat | 3 |  3.8
Spellcasting   | 1 |  1.2
Conjurations   | 1 |  1.1
Fighting       | |  3.8
Summonings     | |  0.4

Action                     |  1- 3 |  4- 6 || total
---------------------------+-------+-------++-------
  Melee: Unarmed           |    21 |   283 ||   304
         Punch             |     1 |     5 ||     6
         Bite              |       |    32 ||    32
  Evoke: Wand              |       |     1 ||     1
    Use: Scroll            |       |     5 ||     5
   Stab: Sleeping          |     2 |    26 ||    28
         Distracted        |       |     1 ||     1
 Armour: Skin              |     4 |    78 ||    82
  Dodge: Dodged            |    13 |   227 ||   240

Table legend: (Time is in decaauts)
 A = Elapsed time spent in this place.
 B = Non-inter-level travel time spent in this place.
 C = Inter-level travel time spent in this place.
 D = Time resting spent in this place.
 E = Time spent auto-exploring this place.
 F = Levels seen in this place.
 G = Mean time per level.
                   A        B        C        D        E       F      G
               +--------+--------+--------+--------+--------+-----+--------+
         Total |   3728 |   3526 |    202 |    471 |    454 |   7 |  532.6 |
       Dungeon |   3618 |   3508 |    110 |    471 |    454 |   6 |  603.0 |
        Temple |    110 |     18 |     92 |      0 |      0 |   1 |  110.0 |
               +--------+--------+--------+--------+--------+-----+--------+

Top non-repeatable levels by time:
     D:5: 934 daAuts
     D:4: 909 daAuts
     D:3: 561 daAuts
     D:2: 551 daAuts
     D:1: 506 daAuts
     D:6: 155 daAuts
  Temple: 110 daAuts
